Zazza, neutral female gnomish Wizard ----------- --------- |.........| |.......| #..........| |....`..| ###------.---- #-.......| # # ###|.>.....| ### # # # |.......| # # ### --|------ # # --------- # #### # # ........-####### # # # |...u...| ### # # |.......| ########## ## # |j@.....| # ------|--# ## --------- ###|....<..|# -----.------ #.........#####-..........| |.......| |..........| --------- |..........| |..........| ------------ Zazza the Conjurer Experience level: 4 Strength: 7 Dexterity: 18 Constitution: 13 Intelligence: 18 Wisdom: 9 Charisma: 8 Health: 0(27) Energy: 30(30) Def: 7 Gold: 547 Moves: 2771 Dungeon seed: HKyHRqNKcH6TYpQt Game ID: Zazza_1533231593 Your Inventory: Coins $ - 547 gold pieces Weapons a - a blessed +1 quarterstaff o - 5 +0 darts w - 3 +0 orcish daggers (in quiver) E - a +0 dagger (weapon in hand) Armor e - an uncursed +0 cloak of magic resistance (being worn) n - an uncursed +0 pair of low boots (being worn) q - an uncursed +0 mummy wrapping y - an uncursed +0 elven mithril-coat (being worn) Comestibles r - an uncursed orange x - an uncursed lichen corpse Scrolls C - an uncursed scroll of fire Potions B - an uncursed potion of paralysis D - an uncursed potion of speed G - an uncursed potion of gain level Rings c - an uncursed +1 ring of increase accuracy (on left hand) d - an uncursed ring of teleport control Wands b - a wand of fire (0:4) v - a wand of create monster (0:15) A - a wand of light (0:15) Tools F - a magic marker (0:76) Spells and supernatural/magical abilities: Name Level Category Fail Memory a - force bolt 1 attack 40% 87% z - sleep 1 enchantment 40% 87% W - pray for help -- divine ? -- Your skills at the end: Fighting Skills Weapon Skills dagger [Basic] quarterstaff [Basic] Spellcasting Skills attack spells [Basic] enchantment spells [Basic] Final Attributes: You were piously aligned. You were magic-protected. You were telepathic. You had infravision. You had a +1 bonus to hit. You are dead (2nd time!). Vanquished creatures: a gnome mummy 3 giant ants a floating eye 4 hill orcs a rabid rat a wererat 2 hobbits a giant rat a green mold a red mold a gnome zombie a gecko 7 jackals 5 goblins 4 sewer rats 10 grid bugs 4 lichens a kobold zombie 7 newts 56 creatures vanquished. Voluntary challenges: You used a wielded weapon 75 times, starting on turn 115. You were illiterate. You never genocided any monsters. You never polymorphed an object. You never changed form. You used no wishes. You never split a pudding. You never wrote Elbereth's name. You never violated your personal moral code. Dungeon overview: The Dungeons of Doom: levels 1 to 6 Level 1 a long staircase Level 2 a general store, a fountain Level 3 a sink a long staircase Level 4 some fountains Level 5 a fountain, a sink Level 6 <- You were here History has recorded: On T:1 you entered the Dungeons of Doom to retrieve the Amulet of Yendor! On T:441 you reached level 2 of The Dungeons of Doom. On T:826 you advanced to experience level 2. On T:848 you reached level 3 of The Dungeons of Doom. On T:1246 you advanced to experience level 3. On T:1264 you reached level 4 of The Dungeons of Doom. On T:1784 you reached level 5 of The Dungeons of Doom. On T:2112 you advanced to experience level 4. On T:2131 you were saved from death by your amulet of life saving! On T:2490 you reached level 6 of The Dungeons of Doom. Score breakdown: Gold: 547 ( 9316 points) Experience: 4 levels ( 9649 points) Exploration: 6 levels ( 13.04%) (10000 points) Discoveries: 1 item ( 0.35%) ( 1770 points) Valuables value: (no points given unless you survive) Artifact value: 0 ( 0 points) Variety of kills: 19 monsters ( 4.99%) ( 6699 points) Turncount: 2771 turns ( -482 points) Survival: died (score multiplied by 80%) Total score: 29561 Latest messages: WHAMMM!!! WHAMMM!!! WHAMMM!!! WHAMMM!!! As you kick the door, it crashes open! Something is written here in the dust. You read: "Vl?d was hc??". The door resists! (4x) The door opens. You displace your pony. The door resists! The door opens. You hear some noises in the distance. $ - 41 gold pieces. You hit it. (3x) You are suddenly very cold! You hit it. (4x) You are suddenly very cold! You die... Final status: Goodbye Zazza the Wizard, killed by a blue jelly... You died in The Dungeons of Doom on dungeon level 6 with 29561 points, and 547 pieces of gold, after 2771 moves. You were level 4 with a maximum of 27 hit points when you died.